 Dungeon Crawl Stone Soup version 0.31-a0-1-g4198be8af4 (webtiles) character file.

Game seed: 8472903784775149986

903 benadryl the Ruffian (level 7, -4/66 HPs)
             Began as a Troll Fighter on May 2, 2023.
             Killed from afar by Pikel (11 damage)
             ... with a puff of flame
             ... on level 5 of the Dungeon.
             The game lasted 00:03:51 (3575 turns).

benadryl the Ruffian (Troll Fighter)                Turns: 3575, Time: 00:03:51

Health: -4/66      AC:  4    Str: 27    XL:     7   Next: 80%
Magic:  6/6        EV:  9    Int:  4    God:
Gold:   123        SH:  9    Dex:  9    Spells: 6/6 levels left

rFire   . .          .
                       - Unarmed
rCold   . . .        b - +0 kite shield
rNeg    . . .        a - +0 robe
rPois   .            (helmet restricted)
rElec   .            (no cloak)
rCorr   +            (gloves unavailable)
SInv    +            (boots unavailable)
Will    .....        h - amulet of the acrobat
Stlth   +            d - ring of see invisible
HPRegen 1.11/turn    o - ring of resist corrosion
MPRegen 0.10/turn

%: acrobat
@: hasted, very quick
A: large, unfitting armour, claws 3, regeneration 1, shaggy fur 1, tough skin 1
a: no special abilities


You were on level 5 of the Dungeon.
You visited 1 branch of the dungeon, and saw 5 of its levels.
You also visited: Sewer.

You collected 123 gold pieces.

Inventory:

Hand Weapons
 z - a +0 giant club
Missiles
 w - a throwing net (quivered)
Armour
 a - a +0 robe (worn)
 b - a +0 kite shield (worn)
Jewellery
 d - a ring of see invisible (left claw)
 h - an amulet of the acrobat (around neck)
 l - a ring of fire
 o - a ring of resist corrosion (right claw)
Wands
 u - a wand of polymorph (10)
 v - a wand of charming (9)
Scrolls
 c - a scroll of blinking {unknown}
 e - 3 scrolls of fear {unknown}
 k - a scroll of enchant armour
 m - a scroll of immolation
 p - a scroll of amnesia
 q - 2 scrolls of teleportation
 t - 3 scrolls of identify {@r1}
 y - a scroll of enchant weapon {unknown}
Potions
 f - 8 potions of curing {@q1}
 g - 4 potions of flight
 i - a potion of heal wounds
 j - a potion of berserk rage {unknown}
 n - a potion of lignification
 s - a potion of attraction {unknown}
 x - a potion of mutation {unknown}


   Skills:
 - Level 2.4 Fighting
 - Level 2.4 Dodging
 * Level 6.0 Shields
 - Level 7.0 Unarmed Combat


You had 6 spell levels left.
You didn't know any spells.
Your spell library contained the following spells:

 Spells                   Type           Power      Damage    Failure   Level
 Call Canine Familiar     Summ           0%         N/A       97%         3
 Portal Projectile        Hex/Tloc       0%         N/A       97%         3
 Stone Arrow              Conj/Erth      0%         3d7       97%         3
 Animate Armour           Summ/Erth      0%         N/A       100%        4
 Leda's Liquefaction      Hex/Erth       0%         N/A       100%        4
 Summon Lightning Spire   Summ/Air       0%         N/A       100%        4
 Storm Form               Tmut/Air       0%         N/A       100%        7
 Lehudib's Crystal Spear  Conj/Erth      0%         10d2      100%        8
 Maxwell's Capacitive Co  Air            0%         ∞         100%        8


Dungeon Overview and Level Annotations

Branches:
Dungeon (5/15)              Sewer (visited)
 Temple: D:4-7

Altars:
Nemelex Xobeh

Shops:
D:2 [

Annotations:
D:5 Pikel


Innate Abilities, Weirdness & Mutations

You are too large for most types of armour.
You have claws for hands.
Your natural rate of healing is unusually fast.
You are covered in fur. (AC +1)
You have tough skin. (AC +1)


Message History

You closely miss Pikel.
You feel yourself speed up.
Pikel zaps a wand.
The puff of flame hits you!
You closely miss Pikel.
Pikel hits you with a +2 whip of electrocution!
You claw Pikel!
Pikel is moderately wounded.
You block Pikel's attack.
You closely miss Pikel.
Pikel is moderately wounded.
You miss Pikel.
Pikel is moderately wounded.
Pikel hits you with a +2 whip of electrocution.
You are electrocuted!
* * * LOW HITPOINT WARNING * * *
You feel much better.
Pikel zaps a wand.
The puff of flame hits you!
* * * LOW HITPOINT WARNING * * *
You claw Pikel!
Pikel is severely wounded.
You scratch Pikel.
Pikel is almost dead.
Pikel hits you with a +2 whip of electrocution!
* * * LOW HITPOINT WARNING * * *
You closely miss Pikel.
Pikel is almost dead.
Pikel zaps a wand.
The puff of flame hits you.
* * * LOW HITPOINT WARNING * * *
You scratch Pikel but do no damage.
Pikel is almost dead.
Pikel barely misses you.
You barely miss Pikel.
Pikel is almost dead.
You scratch Pikel.
Pikel is almost dead.
Pikel barely misses you.
A jackal comes into view.
The jackal barks!
You scratch Pikel.
Pikel is almost dead.
Pikel zaps a wand.
The puff of flame hits you!
You die...

#....###
#......
#.h...
#.... ...
#5# ##.##
#5#
......#K##
.......@.+
......####
......
.....
..... ....
.#+#


You could see Pikel, a lemure, a shadow imp and a jackal.

Vanquished Creatures
  Edmund (D:4)
  A water moccasin (D:5)
  An ogre (D:4)
  2 lemures (D:4)
  2 kobold brigands (Sewer)
  A scorpion (D:4)
  A bullfrog (D:4)
  2 hounds
  2 orc wizards (D:2)
  4 gnolls (D:4)
  9 adders
  A river rat (Sewer)
  4 worms
  5 dart slugs
  3 orcs
  9 bats
  4 endoplasms
  7 giant cockroaches
  3 goblins
  7 hobgoblins
  13 jackals
  12 kobolds
  2 quokkas
  3 ball pythons
  6 frilled lizards
  7 rats
112 creatures vanquished.

Notes
Turn   | Place    | Note
-------+----------+-------------------------------------------
     0 | D:1      | benadryl the Troll Fighter began the quest for the Orb.
     0 | D:1      | Reached XP level 1. HP: 22/22 MP: 0/0
    10 | D:1      | You fall into a shaft and drop 1 floor!
   213 | D:2      | Reached XP level 2. HP: 29/29 MP: 1/1
   269 | D:2      | Reached skill level 3 in Unarmed Combat
   294 | D:2      | Reached XP level 3. HP: 35/36 MP: 2/2
   400 | D:2      | Reached skill level 4 in Unarmed Combat
   508 | D:2      | Found Vusuwa's Armour Shop.
   548 | D:2      | Reached XP level 4. HP: 44/44 MP: 3/3
   662 | D:2      | Reached skill level 5 in Unarmed Combat
  1096 | D:1      | Reached XP level 5. HP: 50/50 MP: 4/4
  1900 | D:3      | Found a glowing drain.
  1923 | Sewer    | Entered a sewer
  2006 | Sewer    | Reached skill level 6 in Unarmed Combat
  2014 | Sewer    | Reached XP level 6. HP: 30/59 MP: 5/5
  2059 | Sewer    | Found a white marble altar of Elyvilon.
  2444 | D:3      | Reached skill level 7 in Unarmed Combat
  2786 | D:4      | Noticed Edmund
  2790 | D:4      | Reached XP level 7. HP: 62/66 MP: 6/6
  2795 | D:4      | Killed Edmund
  2995 | D:4      | Reached skill level 5 in Shields
  3161 | D:4      | Found a sparkling altar of Nemelex Xobeh.
  3182 | D:4      | Identified the +5 war axe of Defilement {freeze, Will+}
  3287 | D:5      | Entered Level 5 of the Dungeon
  3292 | D:5      | Noticed Pikel
  3575 | D:5      | Killed from afar by Pikel

Illustrated notes

Levels and vault maps discovered:
D:1:      minmay_arrival_wavy_path, layout_loops_ring, serial_rivers,
          chequers_serial_rivers_micro_e, chequers_serial_rivers_micro_e,
          chequers_serial_rivers_micro_b, chequers_serial_rivers_small_b,
          chequers_serial_rivers_marsh, chequers_serial_rivers_micro_a,
          minmay_tree_intersection, chequers_avenue, st_stairs_12,
          kennysheep_decorative_pillar, minivault_26
D:2:      minmay_thinvault, layout_loops_ring, serial_shops, shop
D:3:      layout_basic, cheibrodos_sewer_entry_sluice, mrwooster_statue_mirror
D:4:      layout_rooms, nemelex_altar_shiori, uniq_edmund
D:5:      layout_basic, uniq_pikel, uniq_menkaure, uniq_blork_the_orc

Skill      XL: |  1  2  3  4  5  6  7 |
---------------+----------------------+-----
Unarmed Combat | 3 4 5 6 7 |  7.0
Shields        | 3 6 |  6.0
Fighting       | |  2.4
Dodging        | |  2.4

Action                     |  1- 3 |  4- 6 |  7- 9 || total
---------------------------+-------+-------+-------++-------
  Melee: Unarmed           |    69 |   170 |    73 ||   312
    Use: Potion            |       |     3 |     3 ||     6
         Scroll            |       |     7 |       ||     7
   Stab: Sleeping          |       |     1 |       ||     1
 Armour: Robe              |    18 |    36 |    12 ||    66
  Dodge: Dodged            |    30 |    83 |    21 ||   134
  Block: Kite shield       |    22 |    73 |    18 ||   113

Table legend: (Time is in decaauts)
 A = Elapsed time spent in this place.
 B = Non-inter-level travel time spent in this place.
 C = Inter-level travel time spent in this place.
 D = Time resting spent in this place.
 E = Time spent auto-exploring this place.
 F = Levels seen in this place.
 G = Mean time per level.
                   A        B        C        D        E       F      G
               +--------+--------+--------+--------+--------+-----+--------+
         Total |   3583 |   3418 |    165 |    236 |   2504 |   6 |  597.2 |
       Dungeon |   3397 |   3232 |    165 |    225 |   2392 |   5 |  679.4 |
         Sewer |    186 |    186 |      0 |     11 |    112 |   1 |  186.0 |
               +--------+--------+--------+--------+--------+-----+--------+

Top non-repeatable levels by time:
     D:2: 1002 daAuts
     D:4: 839 daAuts
     D:1: 815 daAuts
     D:3: 707 daAuts
   Sewer: 186 daAuts
     D:5: 33 daAuts
